 Dungeon Crawl Stone Soup version 0.19.0-9-gfd783f2 (webtiles) character file.

576 dobroeutro the Cudgeler (level 7, -2/41 HPs)
             Began as a Gargoyle Fighter on Nov 7, 2016.
             Was an Initiate of Okawaru.
             Slain by a killer bee (4 damage)
             ... on level 4 of the Dungeon.
             The game lasted 00:05:16 (3712 turns).

dobroeutro the Cudgeler (Gargoyle Fighter)          Turns: 3712, Time: 00:05:16

Health: -2/41      AC: 13    Str: 20    XL:     7   Next: 35%
Magic:  7/7        EV:  7    Int:  9    God:    Okawaru [......]
Gold:   24         SH:  9    Dex: 10    Spells: 0 memorised, 6 levels left

rFire  + . .     SeeInvis +     x - -1 morningstar (curse)
rCold  . . .     Gourm    .     b - +0 scale mail
rNeg   + . .     Faith    .     c - +0 shield
rPois  ∞         Spirit   .     (no helmet)
rElec  +         Reflect  .     (no cloak)
rCorr  .         Harm     .     n - +0 pair of gloves
MR     .....                    l - +0 pair of boots
Stlth  ..........               (no amulet)
                                o - ring of see invisible
                                g - ring of protection from fire

@: no status effects
A: negative energy resistance 1, electricity resistance, unbreathing,
petrification resistance, rot immunity, AC +4
a: Renounce Religion


You were on level 4 of the Dungeon.
You worshipped Okawaru.
Okawaru was noncommittal.
You were not hungry.

You visited 2 branches of the dungeon, and saw 6 of its levels.

You collected 156 gold pieces.
You spent 132 gold pieces at shops.

Inventory:

Hand Weapons
 a - a +1 flail
 x - a cursed -1 morningstar (weapon)
Armour
 b - a +0 scale mail (worn)
 c - a +0 shield (worn)
 l - a +0 pair of boots (worn)
 n - a +0 pair of gloves (worn)
 s - a +0 large shield
Jewellery
 g - a ring of protection from fire (left hand)
 j - an uncursed ring of protection from fire
 o - a ring of see invisible (right hand)
Scrolls
 e - a scroll of identify
 k - 4 scrolls of amnesia
 v - a scroll of magic mapping
 w - a scroll of fog
Potions
 d - 2 potions of might
 h - 3 potions of flight
 i - a potion of ambrosia {unknown}
 m - a potion of lignification {unknown}
 p - 3 potions of cancellation {unknown}
 q - 2 potions of curing {unknown}
 t - a potion of berserk rage {unknown}
Comestibles
 f - a bread ration


   Skills:
 - Level 3.2 Fighting
 + Level 7.9 Maces & Flails
 - Level 3.2 Armour
 - Level 3.2 Shields


You had 6 spell levels left.
You didn't know any spells.

Dungeon Overview and Level Annotations

Branches:
Dungeon (5/15)             Temple (1/1) D:4

Altars:
Cheibriados
Dithmenos
Elyvilon
Fedhas
Makhleb
Okawaru
Sif Muna
Uskayaw
Vehumet
Xom
The Shining One

Shops:
D:4 (


Innate Abilities, Weirdness & Mutations

You are resistant to torment.
Your stone body is resilient. (AC +4)
You are immune to poison.
You resist negative energy. (rN+)
You are resistant to electric shocks. (rElec)
You can survive without breathing.
You are immune to petrification.
You are immune to rotting.


Message History

The killer bee stings you but does no damage.
You closely miss the killer bee. The killer bee closely misses you.
The killer bee stings you but does no damage.
You block the killer bee's attack.
You barely miss the killer bee.
The killer bee stings you but does no damage.
You block the killer bee's attack.
You miss the killer bee. You block the killer bee's attack.
The killer bee stings you but does no damage.
The killer bee stings you.
* * * LOW HITPOINT WARNING * * *
You closely miss the killer bee. You block the killer bee's attack.
The killer bee stings you.
* * * LOW HITPOINT WARNING * * *
You miss the killer bee.
The killer bee stings you but does no damage.
You block the killer bee's attack.
You closely miss the killer bee. You block the killer bee's attack.
The killer bee stings you.
You die...

#####.......#....)#
#................).
#.###..............
####.###..............
#.....##.............#
#.....#####.#.......##
#.....# #.###...###
#....y# #.###.#.##
#....@# #.##.....###
#.....## #.##.##.....
#......####..#.###.###
######...###...# #..#
###......)####.#
#########..)...#.##
#....###...##......
#....#...#####.....
#...........##.....


You could see a killer bee.

Vanquished Creatures
  A hungry ghost (D:2)
  An ogre (D:4)
  A hound (D:4)
  A bullfrog skeleton (D:4)
  An orc priest (D:4)
  2 orc wizards
  2 worker ants (D:4)
  A hound skeleton (D:4)
  4 adders
  An ooze (D:1)
  An adder skeleton (D:4)
  A dart slug (D:3)
  2 worms (D:2)
  2 leopard geckos
  19 orcs
  7 bats
  5 giant cockroaches
  6 goblins
  6 hobgoblins
  5 jackals
  9 kobolds
  6 quokkas
  2 frilled lizards
  10 rats
96 creatures vanquished.

Notes
Turn   | Place    | Note
-------+----------+-------------------------------------------
     0 | D:1      | dobroeutro the Gargoyle Fighter began the quest for the Orb.
     0 | D:1      | Reached XP level 1. HP: 14/14 MP: 1/1
   276 | D:1      | Reached XP level 2. HP: 19/19 MP: 2/2
   326 | D:1      | You fall through a shaft!
   375 | D:2      | Reached skill level 3 in Maces & Flails
   531 | D:2      | Reached XP level 3. HP: 10/23 MP: 3/3
   901 | D:2      | Reached skill level 4 in Maces & Flails
  1427 | D:2      | Reached XP level 4. HP: 26/28 MP: 4/4
  1441 | D:2      | Found a shimmering altar of Xom.
  1602 | D:2      | Noticed a hungry ghost
  1648 | D:2      | Killed a hungry ghost
  1648 | D:2      | Reached skill level 5 in Maces & Flails
  1648 | D:2      | Reached XP level 5. HP: 25/32 MP: 5/5
  2006 | D:3      | Reached skill level 6 in Maces & Flails
  2065 | D:3      | Reached XP level 6. HP: 29/37 MP: 6/6
  2766 | D:3      | Found a glowing golden altar of the Shining One.
  2960 | D:4      | Found Zagaon's Antique Weapon Shoppe.
  2982 | D:4      | Reached skill level 7 in Maces & Flails
  2982 | D:4      | Reached XP level 7. HP: 37/41 MP: 7/7
  2989 | D:4      | Bought a morningstar for 132 gold pieces
  3079 | D:4      | Found a staircase to the Ecumenical Temple.
  3102 | Temple   | Entered the Ecumenical Temple
  3405 | Temple   | Became a worshipper of Warmaster Okawaru
  3632 | D:5      | Entered Level 5 of the Dungeon
  3710 | D:4      | HP: 2/41 [killer bee (4)]
  3712 | D:4      | Slain by a killer bee

Skill      XL: |  1  2  3  4  5  6 |
---------------+-------------------+-----
Maces & Flails | 3 4 5 6 7 |  7.9
Fighting       | |  3.2
Armour         | |  3.2
Shields        | |  3.2

Action                   |  1- 3 |  4- 6 |  7- 9 || total
-------------------------+-------+-------+-------++-------
Melee: Flail             |   167 |   222 |       ||   389
       Morningstar       |       |       |    68 ||    68
  Use: Scroll            |       |     5 |     5 ||    10
  Eat: Chunk             |     2 |    12 |       ||    14
       Bread ration      |       |       |     1 ||     1
Armor: Scale mail        |   105 |   122 |    42 ||   269
Dodge: Dodged            |    60 |    79 |    32 ||   171
Block: Shield            |    91 |   107 |    43 ||   241
